 Dungeon Crawl Stone Soup version 0.27-a0-1193-g8631133539 (webtiles) character file.

Game seed: 14893229552124204438

20088 lightspider the Protected (level 12, -7/112 HPs)
             Began as a Hill Orc Fighter on May 26, 2021.
             Was a High Priest of Beogh.
             Killed from afar by a lindwurm (13 damage)
             ... with a blast of flame
             ... on level 12 of the Dungeon on May 27, 2021.
             The game lasted 01:04:14 (15015 turns).

lightspider the Protected (Hill Orc Fighter)       Turns: 15015, Time: 01:04:15

Health: -7/112     AC: 22    Str: 23    XL:     12   Next: 75%
Magic:  0/12       EV: 10    Int:  8    God:    Beogh [*****.]
Gold:   372        SH: 16    Dex: 11    Spells: 11/11 levels left

rFire    . . .     SeeInvis .   z - +3 double sword (pain)
rCold    . . .     Faith    .   G - +4 kite shield of Demons {Fly rCorr}
rNeg     . . .     Spirit   +   f - +2 plate armour
rPois    .         Reflect  .   g - +1 hat
rElec    .         Harm     .   (no cloak)
rCorr    +         Rampage  .   (no gloves)
Will     .....                  (no boots)
Stlth    ..........             s - amulet of guardian spirit
HPRegen  0.28/turn              y - +4 ring of protection
MPRegen  0.13/turn              D - +4 ring of evasion

@: flying
A: walk on water
a: Renounce Religion, Smiting, Recall Orcish Followers, Give Item to Named
Follower


You were on level 12 of the Dungeon.
You worshipped Beogh.
Beogh was extremely pleased with you.
You visited 1 branch of the dungeon, and saw 13 of its levels.
You visited the Abyss 1 time.

You collected 744 gold pieces.
You spent 372 gold pieces at shops.

Inventory:

Hand Weapons
 a - a +1 long sword
 v - a +0 great sword
 z - a +3 double sword of pain (weapon)
 A - a +6 great sword of flaming
Missiles
 h - 4 boomerangs of dispersal
 j - 69 poisoned darts
 k - 3 curare-tipped darts (quivered)
 I - 3 throwing nets
 K - 10 javelins
Armour
 b - a +0 scale mail
 c - a +0 kite shield
 f - a +2 plate armour (worn)
 g - a +1 hat (worn)
 G - the +4 kite shield of Demons (worn) {Fly rCorr}
   (You bought it in a shop on level 8 of the Dungeon)

   It grants you flight.
   It protects you from acid and corrosion.
Magical Staves
 R - a staff of air
Jewellery
 d - a ring of magical power
 r - a +6 ring of intelligence
 s - an amulet of guardian spirit (around neck)
 y - a +4 ring of protection (left hand)
 D - a +4 ring of evasion (right hand)
 L - a ring of flight
 T - a +6 ring of intelligence
 U - a ring of ice
Wands
 l - a wand of paralysis (5)
 n - a wand of flame (19)
 o - a wand of polymorph (32)
 u - a wand of iceblast (15)
 E - a wand of mindburst (15)
 J - a wand of charming (7)
 S - a wand of acid (10)
Scrolls
 e - a scroll of summoning
 m - 4 scrolls of teleportation
 p - a scroll of amnesia
 q - 9 scrolls of identify
 w - a scroll of immolation
 x - 2 scrolls of fog
 H - 3 scrolls of noise
 M - 4 scrolls of fear
 N - 2 scrolls of magic mapping
 P - 2 scrolls of enchant weapon
Potions
 i - 9 potions of brilliance
 t - 3 potions of mutation
 B - a potion of curing
 C - 2 potions of degeneration
 Q - 2 potions of attraction
Miscellaneous
 F - a condenser vane
 O - a phial of floods


   Skills:
 + Level 12.2 Fighting
 + Level 11.1 Long Blades
 + Level 12.3 Armour
 + Level 10.8 Shields
 - Level 4.6 Necromancy


You had 11 spell levels left.
You didn't know any spells.
Your spell library contained the following spells:

 Spells                   Type           Power      Damage    Failure   Level
 Sublimation of Blood     Necr           3%         N/A       86%         2
 Corpse Rot               Necr/Air       N/A        N/A       99%         2
 Corona                   Hex            0%         N/A       100%        1
 Foxfire                  Conj/Fire      0%         2x1d4     100%        1
 Magic Dart               Conj           0%         1d3       100%        1
 Sandblast                Erth           0%         2d4       100%        1
 Blink                    Tloc           N/A        N/A       100%        2
 Call Imp                 Summ           0%         N/A       100%        2
 Passwall                 Tmut/Erth      0%         N/A       100%        2
 Searing Ray              Conj           0%         3d3       100%        2
 Slow                     Hex            0%         N/A       100%        2
 Conjure Flame            Conj/Fire      0%         6-21      100%        3
 Dazzling Flash           Conj/Hex       0%         N/A       100%        3
 Inner Flame              Hex/Fire       0%         N/A       100%        3
 Mephitic Cloud           Conj/Pois/Air  0%         N/A       100%        3
 Portal Projectile        Hex/Tloc       0%         N/A       100%        3
 Stone Arrow              Conj/Erth      0%         3d7       100%        3
 Animate Dead             Necr           3%         N/A       100%        4
 Cause Fear               Hex            0%         N/A       100%        4
 Dispel Undead            Necr           7%         3d8       100%        4
 Fulminant Prism          Conj/Hex       0%         3d6       100%        4
 Iskenderun's Mystic Bla  Conj/Tloc      0%         2d3       100%        4
 Leda's Liquefaction      Hex/Erth       0%         N/A       100%        4
 Petrify                  Tmut/Erth      0%         N/A       100%        4
 Sticky Flame             Conj/Fire      0%         2d3       100%        4
 Agony                    Necr           7%         N/A       100%        5
 Borgnjor's Vile Clutch   Necr/Erth      1%         N/A       100%        5
 Excruciating Wounds      Necr           3%         N/A       100%        5
 Fireball                 Conj/Fire      0%         3d3       100%        5
 Lee's Rapid Deconstruct  Erth           0%         3d5*      100%        5
 Death Channel            Necr           3%         N/A       100%        6
 Simulacrum               Ice/Necr       1%         N/A       100%        6


Dungeon Overview and Level Annotations

Branches:
Dungeon (13/15)            Temple (0/1) D:6            Lair (0/6) D:9
    Orc (0/2) D:9
 Vaults: D:13-14

Altars:
Gozag
Nemelex Xobeh
Qazlal
Sif Muna
Wu Jian
Xom
Yredelemnul
Zin
The Shining One
Beogh

Shops:
D:3 *   D:8 *?   D:9 *   D:12 (

Annotations:
D:5 2 transporters


Message History

The lindwurm roars!
Found 23 gold pieces and a scroll of enchant weapon.
The lindwurm roars! x2
Found six items.
You block the lindwurm's attack.
The lindwurm claws you but does no damage.
You block the lindwurm's attack.
You see here a scroll of fog.
x - 2 scrolls of fog (gained 1)
The lindwurm roars!
The lindwurm breathes flames at you. The blast of flame hits you!!
You block the lindwurm's attack. The lindwurm barely misses you.
The lindwurm claws you.
You block the lindwurm's attack. x3; The lindwurm bites you.
The lindwurm completely misses you. You block the lindwurm's attack.
You see here 2 potions of brilliance.
i - 9 potions of brilliance (gained 2)
The lindwurm breathes flames at you. The blast of flame hits you!!
The lindwurm completely misses you. You block the lindwurm's attack.
The lindwurm claws you. The lindwurm breathes flames at you.
The blast of flame hits you!! The lindwurm breathes flames at you.
The blast of flame hits you!!
* * * LOW HITPOINT WARNING * * *
Okay, then.
The lindwurm breathes flames at you. The blast of flame hits you!!
* * * LOW HITPOINT WARNING * * *
You feel better.
Thorok roars a battlecry!
Your orc knight goes into a battle-frenzy!
The lindwurm bites you but does no damage.
You block the lindwurm's attack. x2
The lindwurm breathes flames at you. The blast of flame hits you!
* * * LOW HITPOINT WARNING * * *
The lindwurm breathes flames at you. The blast of flame hits you!
You die...

#....≈≈≈≈..#.kk.#..≈§≈§.
#....≈§≈§≈..####..≈≈§≈≈.
##...≈≈≈§≈...##§§§≈≈§§≈.
##
#...§§≈§≈≈≈kkkk≈§≈≈≈≈..
######.
#....§§≈≈§§§§≈§§≈§≈≈≈..
.......
#.....≈≈§§§§§§≈≈≈§≈≈...
...##
##.....≈≈≈≈≈≈≈≈≈≈≈≈....
##.##
#.......≈≈§§≈≈≈≈.......#
#...
#.......ooo§≈.@......#.#
####
######....§§.........).#
##.
####......#....<..####
#..
##.#.#.#..........###.#
#.#..................#
#..###........#.......
#..###................
#...........##.......#
####....#......)#.......#


You could see 3 lindwurms and a friendly orc knight (strong).

Vanquished Creatures
  Harold (D:8)
  A centaur warrior (D:8)
  2 two-headed ogres (D:8)
  A death knight (D:11)
  3 death yaks (D:9)
  An orc knight (D:11)
  3 cyclopes
  2 ugly things (D:11)
  A kobold demonologist (D:13)
  An unseen horror (D:12)
  A troll (D:6)
  A slime creature (D:11)
  2 shadows
  A wraith (D:9)
  Sigmund (D:5)
  12 yaks
  3 vampire mosquitoes (D:11)
  2 water moccasins
  An ice beast (D:6)
  2 orc warriors
  2 black bears
  A necrophage (D:4)
  A sky beast (D:8)
  5 centaurs
  3 phantoms (D:5)
  5 kobold brigands
  3 gnoll sergeants
  A wyvern skeleton (D:6)
  7 wights
  7 killer bees
  2 electric eels
  5 howler monkeys
  6 orc priests
  2 centaur zombies
  2 hounds
  A centaur skeleton (D:6)
  2 jellies (D:5)
  4 bullfrog skeletons
  An iguana (D:7)
  Natasha (D:3)
  8 orc wizards
  4 hell rats (D:9)
  A killer bee zombie (D:6)
  8 adders
  8 gnolls
  A river rat (D:9)
  A white imp (D:7)
  An ufetubus (D:5)
  3 dart slugs
  45 orcs
  5 ball pythons
  4 bats
  6 endoplasms
  2 giant cockroaches
  7 goblins
  9 hobgoblins
  2 jackals (D:1)
  14 kobolds
  4 quokkas
  4 frilled lizards
  4 rats
244 creatures vanquished.

Vanquished Creatures (collateral kills)
  A hydra (D:12)
  Fannar (D:12)
  A two-headed ogre (D:10)
  Urug (D:12)
  4 ugly things
  2 cyclopes
  A manticore (D:12)
  A centaur zombie (D:11)
  A gargoyle (D:11)
  A kobold demonologist (D:11)
  An efreet (D:11)
  2 trolls
  A shadow (D:11)
  2 wraiths (D:11)
  7 yaks (D:11)
  A vampire (D:12)
  An acid dragon (D:12)
  2 centaurs (D:11)
  A wight (D:10)
  2 orc priests
  A gnoll (D:10)
  4 orcs
39 creatures vanquished.

Vanquished Creatures (others)
  An orc wizard (D:12)
  3 orcs
  A fungus (D:9)
  11 plants
16 creatures vanquished.

Grand Total: 299 creatures vanquished

Notes
Turn   | Place    | Note
-------+----------+-------------------------------------------
     0 | D:1      | lightspider the Hill Orc Fighter began the quest for the
                  | Orb.
     0 | D:1      | Reached XP level 1. HP: 19/19 MP: 1/1
    73 | D:1      | Reached XP level 2. HP: 17/27 MP: 2/2
   462 | D:1      | Reached XP level 3. HP: 33/33 MP: 3/3
   537 | D:1      | You fall into a shaft and drop 1 floor!
   895 | D:1      | Found a faded altar of an unknown god.
  1293 | D:2      | Reached XP level 4. HP: 40/40 MP: 4/4
  1799 | D:3      | Became a worshipper of Beogh the Brigand
  1949 | D:3      | Noticed Natasha
  1961 | D:3      | Killed Natasha
  2273 | D:3      | Found Odamir's Assorted Antiques.
  2279 | D:3      | Bought a scroll labelled HYW FEEGER for 27 gold pieces
  2279 | D:3      | Bought a scroll labelled HAEHINL ULAELO for 27 gold pieces
  2279 | D:3      | Bought a scroll labelled HAEHINL ULAELO for 27 gold pieces
  2376 | D:4      | Reached XP level 5. HP: 45/47 MP: 5/5
  2530 | D:4      | Noticed a kobold brigand
  2542 | D:4      | Killed a kobold brigand
  2556 | D:4      | Reached skill level 5 in Armour
  2779 | D:4      | Noticed a necrophage
  2789 | D:4      | Killed a necrophage
  2790 | D:4      | Reached skill level 5 in Fighting
  2790 | D:4      | Reached XP level 6. HP: 51/56 MP: 6/6
  2921 | D:4      | Found a shimmering blue altar of Sif Muna.
  3185 | D:4      | Reached * piety under Beogh
  3613 | D:5      | Entered Level 5 of the Dungeon
  3613 | D:5      | Noticed a wyvern
  3614 | D:5      | Noticed a yak
  3615 | D:5      | Found a transporter.
  3615 | D:5      | Found a shimmering altar of Xom.
  3621 | D:5      | Found a transporter.
  3905 | D:5      | Reached XP level 7. HP: 60/61 MP: 7/7
  4021 | D:5      | Noticed Sigmund
  4038 | D:5      | Killed Sigmund
  4039 | D:5      | Reached skill level 5 in Shields
  4777 | D:5      | Reached XP level 8. HP: 69/70 MP: 8/8
  4824 | D:5      | Found an opulent altar of Gozag.
  5512 | D:6      | Reached skill level 5 in Long Blades
  5613 | D:6      | Found a staircase to the Ecumenical Temple.
  5832 | D:6      | Noticed a troll
  5850 | D:6      | Killed a troll
  6549 | D:6      | Reached XP level 9. HP: 38/78 MP: 2/9
  7069 | D:7      | Identified a scroll of acquirement
  7069 | D:7      | Acquired a +2 double sword of pain
  7300 | D:7      | Reached ** piety under Beogh
  7382 | D:7      | Found a stormy altar of Qazlal.
  7407 | D:7      | Reached skill level 1 in Necromancy
  8620 | D:8      | Found Yxuidini's Assorted Antiques.
  8627 | D:8      | Bought a masterwork kite shield for 275 gold pieces
  8627 | D:8      | Identified the +4 kite shield of Demons {Fly rCorr} (You
                  | bought it in a shop on level 8 of the Dungeon)
  8642 | D:8      | Found Ukhuv's Magic Scroll Shoppe.
  8642 | D:8      | Noticed a two-headed ogre
  8671 | D:8      | Killed a two-headed ogre
  8672 | D:8      | Reached XP level 10. HP: 83/90 MP: 5/10
  8679 | D:8      | Bought a scroll of noise for 16 gold pieces
  8864 | D:8      | Noticed a centaur warrior
  8881 | D:8      | Killed a centaur warrior
  9085 | D:8      | Found a glowing golden altar of the Shining One.
  9091 | D:8      | Found a basalt altar of Yredelemnul.
  9091 | D:8      | Noticed Harold
  9102 | D:8      | Killed Harold
  9103 | D:8      | Reached skill level 10 in Armour
  9103 | D:8      | Noticed a profane servitor
  9196 | D:8      | Noticed a two-headed ogre
  9203 | D:8      | Killed a two-headed ogre
  9403 | D:8      | Noticed an angel
  9431 | D:9      | Found a sparkling altar of Nemelex Xobeh.
  9511 | D:9      | Found an ornate altar of the Wu Jian Council.
  9698 | D:9      | Found a roughly hewn altar of Beogh.
  9698 | D:9      | Found a staircase to the Orcish Mines.
  9774 | D:9      | Reached XP level 11. HP: 36/99 MP: 5/11
 10341 | D:9      | Noticed a cyclops
 10348 | D:9      | Killed a cyclops
 10349 | D:9      | Reached skill level 10 in Fighting
 10519 | D:9      | Noticed a death yak
 10520 | D:9      | Noticed a death yak
 10521 | D:9      | Noticed a death yak
 10522 | D:9      | Reached *** piety under Beogh
 10544 | D:9      | Killed a death yak
 10568 | D:9      | Cast into level 1 of the Abyss (orc)
 10616 | D:9      | Escaped the Abyss
 10623 | D:9      | Killed a death yak
 10690 | D:9      | Found Hingelon's General Store.
 11131 | D:9      | Killed a death yak
 11132 | D:9      | Found a staircase to the Lair.
 11621 | D:10     | Entered Level 10 of the Dungeon
 11749 | D:10     | You are sucked into a shaft and drop 3 floors!
 11774 | D:12     | Noticed a four-headed hydra
 11774 | D:12     | Noticed Fannar
 11792 | D:12     | Noticed a cyclops
 11808 | D:11     | Killed a cyclops
 11827 | D:11     | Reached **** piety under Beogh
 12093 | D:10     | Noticed a red ugly thing
 12097 | D:10     | Killed a red ugly thing
 12229 | D:10     | Noticed a two-headed ogre
 12234 | D:10     | Killed a two-headed ogre
 12318 | D:10     | Found a glowing silver altar of Zin.
 12603 | D:11     | Reached skill level 10 in Long Blades
 12603 | D:11     | Noticed a cyclops
 12610 | D:11     | Killed a cyclops
 12611 | D:11     | Reached XP level 12. HP: 109/110 MP: 12/12
 12924 | D:11     | Reached skill level 10 in Shields
 13213 | D:11     | Noticed a death knight
 13220 | D:11     | Killed a death knight
 13996 | D:12     | Noticed Urug
 14004 | D:12     | Killed Urug
 14119 | D:12     | Killed Fannar
 14422 | D:12     | Found Canu's Antique Weapon Shop.
 14491 | D:12     | Killed a five-headed hydra
 14491 | D:12     | Reached ***** piety under Beogh
 14491 | D:12     | Gained Thorok as an ally
 15010 | D:12     | HP: 5/112 [lindwurm/blast of flame (19)]
 15015 | D:12     | Killed from afar by a lindwurm

Illustrated notes

Levels and vault maps discovered:
D:1:      shiori_shiawase, layout_basic, hellmonk_ecumenical_altar_prayer_group,
          serial_bayou_ford_a
D:2:      layout_loops_ring
D:3:      layout_loops_ring, serial_shops, shop, grunt_decor_resistance,
          uniq_natasha
D:4:      layout_basic, led_sif_pool, amcnicky_mini_rare_corridor_liquid,
          minmay_checkerbox
D:5:      layout_basic, lemuel_doored_altar, gammafunk_temple_overflow_arena,
          serial_curves, eino_curves_03, eino_curves_02, st_stairs_11,
          uniq_sigmund
D:6:      layout_basic, minmay_temple_entry_waves, serial_bayou,
          serial_bayou_pond_d, serial_bayou_crossing, serial_bayou_lagoon_a,
          serial_bayou_pond_a
D:7:      layout_cave_pools, nicolae_overflow_hidden_temple,
          chequers_serial_rivers_large_b
D:8:      layout_basic, grunt_temple_overflow_holy_war, serial_shops, shop,
          kennysheep_windowed_goal, uniq_harold
D:9:      layout_long_grid, lemuel_crystal_altar,
          nemelex_xobeh_ov_fountains_minmay, dpeg_lair_monsters, david_orc_5,
          serial_shops, nicolae_shop_competitors_out_of_business,
          hangedman_decor_points, kennysheep_another_room, fungi_pond_lemuel,
          serial_bayou_pond_c, hangedman_minor_gate_pass
D:10:     layout_rooms, nicolae_overflow_crystal_walls
D:11:     nzn_winding_woodlands_small [nzn_winding_woodlands_5x15_parted,
          nzn_winding_woodlands_center_lodge, nzn_winding_woodlands_5x15_eye],
          layout_loops_cross, minmay_fountain_box, kennysheep_generic_room_2
D:12:     layout_rooms, serial_shops, shop, minmay_lindwurm_lava, uniq_fannar,
          uniq_urug
D:13:     layout_basic, vehumet_statue

Skill      XL: |  1  2  3  4  5  6  7  8  9 10 11 12 |
---------------+-------------------------------------+-----
Fighting       | 4 5 6 8 9 11 12 | 12.2
Armour         | 4 5 6 8 9 10 11 12 | 12.3
Long Blades    | 3 4 5 7 8 10 11 | 11.1
Shields        | 4 5 6 8 9 10 | 10.8
Necromancy     | 3 4 |  4.6

Action                   |  1- 3 |  4- 6 |  7- 9 | 10-12 || total
-------------------------+-------+-------+-------+-------++-------
Melee: Long sword        |   147 |   187 |   234 |       ||   568
       Double sword      |       |       |   137 |   371 ||   508
       Great sword       |       |       |    22 |       ||    22
Throw: Dart              |       |       |       |     1 ||     1
Invok: Convert to Beogh  |       |     1 |       |       ||     1
       Smiting           |       |       |     1 |       ||     1
Evoke: Wand              |       |       |     6 |    10 ||    16
  Use: Scroll            |       |    11 |     8 |     6 ||    25
       Potion            |       |     1 |     4 |    10 ||    15
 Stab: Distracted        |       |       |       |     2 ||     2
Armor: Scale mail        |    10 |       |       |       ||    10
       Plate armour      |    94 |   146 |   425 |   213 ||   878
Dodge: Dodged            |    34 |    32 |   132 |    79 ||   277
Block: Kite shield       |    85 |   141 |   289 |   335 ||   850
       Rpst.: Long sword |     5 |     8 |    12 |       ||    25
       Double sword      |       |       |    14 |    13 ||    27
       Great sword       |       |       |     1 |       ||     1

Table legend: (Time is in decaauts)
 A = Elapsed time spent in this place.
 B = Non-inter-level travel time spent in this place.
 C = Inter-level travel time spent in this place.
 D = Time resting spent in this place.
 E = Time spent auto-exploring this place.
 F = Levels seen in this place.
 G = Mean time per level.
                   A        B        C        D        E       F      G
               +--------+--------+--------+--------+--------+-----+--------+
         Total |  15368 |  15034 |    334 |   3492 |   7832 |  14 | 1097.7 |
       Dungeon |  15320 |  14986 |    334 |   3492 |   7832 |  13 | 1178.5 |
         Abyss |     47 |     47 |      0 |      0 |      0 |   1 |   47.0 |
               +--------+--------+--------+--------+--------+-----+--------+

Top non-repeatable levels by time:
     D:8: 2046 daAuts
     D:5: 1728 daAuts
     D:9: 1644 daAuts
     D:6: 1637 daAuts
    D:11: 1388 daAuts
     D:4: 1306 daAuts
    D:12: 1183 daAuts
     D:7: 1102 daAuts
     D:1: 970 daAuts
     D:3: 802 daAuts
    D:10: 793 daAuts
     D:2: 691 daAuts
 Abyss:1: 47 daAuts
    D:13: 25 daAuts
